BSA
POCATELLO BOCCABELLAS @ SEATTLE PIKES
03/12/2026
 
TOP OF THE 1ST
Pocatello Boccabellas batting - Pitching for Seattle Pikes : RHP Jesús Suárez
Pitching: RHP Jesús Suárez
Batting: RHB José Delgado 0-0: Ball
1-0: Ball
2-0: Ball
3-0: Called Strike
3-1: Base on Balls
Batting: LHB Norberto Muńóz 0-0: Ball
1-0: Fly out, F7 (Flyball, 7LS)
Batting: RHB Ernesto Acosta 0-0: Ball
1-0: Fly out, F8 (Flyball, 78M)
Batting: LHB Juan Cortés 0-0: Ball
1-0: DOUBLE (Flyball, 7D)
José Delgado to third
Runner from 3rd tries for Home, throw and OUT!
Top of the 1st over - 0 run(s), 1 hit(s), 0 error(s), 1 left on base; Pocatello 0 - Seattle 0
BOTTOM OF THE 1ST
Seattle Pikes batting - Pitching for Pocatello Boccabellas : RHP Bud Baldwin
Pitching: RHP Bud Baldwin
Batting: LHB Don Soper 0-0: Called Strike
0-1: Foul Ball, location: 2F
0-2: Ball
1-2: Ground out U3 (Groundball, 3)
Batting: RHB Wallace Greene 0-0: Ball
1-0: Swinging Strike
1-1: Ball
2-1: Foul Ball, location: 2F
2-2: Ground out 4-3 (Groundball, 13)
Batting: LHB Richard Hunter 0-0: Ball
1-0: Called Strike
1-1: Ball
2-1: Foul Ball, location: 2F
2-2: Ball
3-2: SINGLE (Groundball, 34D)
Batting: RHB António Ortega 0-0: Ball
1-0: Ball
2-0: Called Strike
2-1: Foul Ball, location: 2F
2-2: Foul Ball, location: 2F
2-2: Strikes out looking
Bottom of the 1st over - 0 run(s), 1 hit(s), 0 error(s), 1 left on base; Pocatello 0 - Seattle 0
TOP OF THE 2ND
Pocatello Boccabellas batting - Pitching for Seattle Pikes : RHP Jesús Suárez
Batting: RHB Francisco Sandoval 0-0: Ball
1-0: Called Strike
1-1: Ground out 2-3 (Groundball, 23)
Batting: RHB Pedro Guzmán 0-0: Ball
1-0: Ball
2-0: Foul Ball, location: 2F
2-1: Fly out, F5 (Popup, 15)
Batting: RHB Sugita Ito 0-0: Foul Ball, location: 2F
0-1: Ball
1-1: Called Strike
1-2: Ball
2-2: Ground out 6-3 (Groundball, 6D)
Top of the 2nd over - 0 run(s), 0 hit(s), 0 error(s), 0 left on base; Pocatello 0 - Seattle 0
BOTTOM OF THE 2ND
Seattle Pikes batting - Pitching for Pocatello Boccabellas : RHP Bud Baldwin
Batting: LHB Víctor Carrillo 0-0: Ball
1-0: Called Strike
1-1: Ball
2-1: Called Strike
2-2: Foul Ball, location: 2F
2-2: Foul Ball, location: 2F
2-2: Fly out, F7 (Flyball, 78M)
Batting: RHB Henning Huisman 0-0: Called Strike
0-1: Ball
1-1: Swinging Strike
1-2: Foul Ball, location: 2F
1-2: Foul Ball, location: 2F
1-2: Ball
2-2: Foul Ball, location: 2F
2-2: Fly out, F6 (Line Drive, 6)
Batting: LHB Sammy Marshall 0-0: Called Strike
0-1: Ball
1-1: Called Strike
1-2: Ball
2-2: Ground out 6-3 (Groundball, 4M)
Bottom of the 2nd over - 0 run(s), 0 hit(s), 0 error(s), 0 left on base; Pocatello 0 - Seattle 0
TOP OF THE 3RD
Pocatello Boccabellas batting - Pitching for Seattle Pikes : RHP Jesús Suárez
Batting: LHB Jim Jensen 0-0: Ball
1-0: Ball
2-0: Fly out, F8 (Line Drive, 8LD)
Batting: SHB Guillermo Ortíz 0-0: Ground out 5-3 (Groundball, 5S)
Batting: RHB José Delgado 0-0: Ball
1-0: Ball
2-0: Ground out 5-3 (Groundball, 5S)
Top of the 3rd over - 0 run(s), 0 hit(s), 0 error(s), 0 left on base; Pocatello 0 - Seattle 0
BOTTOM OF THE 3RD
Seattle Pikes batting - Pitching for Pocatello Boccabellas : RHP Bud Baldwin
Batting: LHB Keith Tillman 0-0: Called Strike
0-1: Ball
1-1: Hit by Pitch
Batting: RHB Jesús Gonzáles 0-0: Ball
1-0: Ball
2-0: Called Strike
2-1: Foul Ball, location: 2F
2-2: Ball
3-2: Strikes out swinging
Throwing error on steal attempt, E2
Keith Tillman to third
Batting: LHB Don Soper 0-0: Ball
1-0: Foul Ball, location: 2F
1-1: Foul Ball, location: 2F
1-2: Strikes out swinging
Batting: RHB Wallace Greene 0-0: Ball
1-0: Foul Ball, location: 2F
1-1: Ball
2-1: Ball
3-1: Base on Balls
Batting: LHB Richard Hunter 0-0: Ball
1-0: Ball
Wallace Greene steals 2nd base
2-0: Fly out, F8 (Flyball, 8RXD)
Bottom of the 3rd over - 0 run(s), 0 hit(s), 1 error(s), 2 left on base; Pocatello 0 - Seattle 0
TOP OF THE 4TH
Pocatello Boccabellas batting - Pitching for Seattle Pikes : RHP Jesús Suárez
Batting: LHB Norberto Muńóz 0-0: Called Strike
0-1: Ball
1-1: Ball
2-1: Called Strike
2-2: Strikes out swinging
Batting: RHB Ernesto Acosta 0-0: Called Strike
0-1: Ball
1-1: Ground out 4-3 (Groundball, 4)
Batting: LHB Juan Cortés 0-0: Called Strike
0-1: Ball
1-1: SINGLE (Groundball, 6MD) (infield hit)
Batting: RHB Francisco Sandoval 0-0: Called Strike
0-1: Ball
1-1: Ball
2-1: Ball
3-1: Base on Balls
Juan Cortés to second
Batting: RHB Pedro Guzmán 0-0: Called Strike
0-1: Foul Ball, location: 2F
0-2: Ball
1-2: Foul Ball, location: 2F
1-2: Foul Ball, location: 2F
1-2: Ball
2-2: 3-RUN HOME RUN (Flyball, 78XD), Distance : 435 ft
Batting: RHB Sugita Ito 0-0: Ball
1-0: Ball
2-0: Called Strike
2-1: Swinging Strike
2-2: Strikes out swinging
Top of the 4th over - 3 run(s), 2 hit(s), 0 error(s), 0 left on base; Pocatello 3 - Seattle 0
BOTTOM OF THE 4TH
Seattle Pikes batting - Pitching for Pocatello Boccabellas : RHP Bud Baldwin
Batting: RHB António Ortega 0-0: Foul Ball, location: 2F
0-1: Ball
1-1: Ball
2-1: Called Strike
2-2: Ball
3-2: Strikes out swinging
Batting: LHB Víctor Carrillo 0-0: Ground out U3 (Groundball, 3)
Batting: RHB Henning Huisman 0-0: Ball
1-0: Foul Ball, location: 2F
1-1: DOUBLE (Flyball, 78D)
Batting: LHB Sammy Marshall 0-0: Foul Ball, location: 2F
0-1: Foul Ball, location: 2F
0-2: Ground out 4-3 (Groundball, 4M)
Bottom of the 4th over - 0 run(s), 1 hit(s), 0 error(s), 1 left on base; Pocatello 3 - Seattle 0
TOP OF THE 5TH
Pocatello Boccabellas batting - Pitching for Seattle Pikes : RHP Jesús Suárez
Pitching: RHP José Salinas
Batting: LHB Jim Jensen 0-0: Foul Ball, location: 2F
0-1: Ground out 6-3 (Groundball, 6M)
Batting: SHB Guillermo Ortíz 0-0: Called Strike
0-1: Ball
1-1: Ball
2-1: SINGLE (Groundball, 34D)
Batting: RHB José Delgado 0-0: Fly out, F7 (Flyball, 7D)
Batting: LHB Norberto Muńóz 0-0: Foul Ball, location: 2F
0-1: Foul Ball, location: 2F
0-2: Ball
1-2: Ground out 5-3 (Groundball, 5S)
Top of the 5th over - 0 run(s), 1 hit(s), 0 error(s), 1 left on base; Pocatello 3 - Seattle 0
BOTTOM OF THE 5TH
Seattle Pikes batting - Pitching for Pocatello Boccabellas : RHP Bud Baldwin
Pitching: RHP Ramón Fonseca
Batting: LHB Keith Tillman 0-0: Called Strike
0-1: Foul Ball, location: 2F
0-2: Ground out 4-3 (Groundball, 4)
Batting: RHB Jesús Gonzáles 0-0: Foul Ball, location: 2F
Error on foul ball, E3
0-2: Strikes out swinging
Batting: LHB Don Soper 0-0: Ball
1-0: Called Strike
1-1: SINGLE (Flyball, 9S)
Batting: RHB Wallace Greene 0-0: Ground out U3 (Groundball, 3)
Bottom of the 5th over - 0 run(s), 1 hit(s), 1 error(s), 1 left on base; Pocatello 3 - Seattle 0
TOP OF THE 6TH
Pocatello Boccabellas batting - Pitching for Seattle Pikes : RHP José Salinas
Batting: RHB Ernesto Acosta 0-0: Fly out, F7 (Flyball, 7LM)
Batting: LHB Juan Cortés 0-0: Swinging Strike
0-1: Called Strike
0-2: Foul Ball, location: 2F
0-2: Foul Ball, location: 2F
0-2: Foul Ball, location: 2F
0-2: Ball
1-2: Foul Ball, location: 2F
1-2: Strikes out swinging
Batting: RHB Francisco Sandoval 0-0: Ball
1-0: Ball
2-0: Fly out, F9 (Flyball, 89M)
Top of the 6th over - 0 run(s), 0 hit(s), 0 error(s), 0 left on base; Pocatello 3 - Seattle 0
BOTTOM OF THE 6TH
Seattle Pikes batting - Pitching for Pocatello Boccabellas : RHP Ramón Fonseca
Batting: LHB Richard Hunter 0-0: Ball
1-0: Foul Ball, location: 2F
1-1: Ground out 4-3 (Groundball, 4)
Batting: RHB António Ortega 0-0: Ball
1-0: Foul Ball, location: 2F
1-1: DOUBLE (Groundball, 5L)
Batting: LHB Víctor Carrillo 0-0: Called Strike
0-1: Ball
1-1: Swinging Strike
1-2: Ball
2-2: Ball
3-2: Strikes out swinging
Batting: RHB Henning Huisman 0-0: Ball
1-0: Called Strike
1-1: Ball
2-1: Ball
3-1: Base on Balls
Batting: LHB Sammy Marshall 0-0: Ground out 4-3 (Groundball, 4)
Bottom of the 6th over - 0 run(s), 1 hit(s), 0 error(s), 2 left on base; Pocatello 3 - Seattle 0
TOP OF THE 7TH
Pocatello Boccabellas batting - Pitching for Seattle Pikes : RHP José Salinas
Pitching: RHP Josh Schmitt
Batting: RHB Pedro Guzmán 0-0: Called Strike
0-1: DOUBLE (Line Drive, 8LXD)
Batting: RHB Sugita Ito 0-0: Ball
1-0: Ball
2-0: Ball
3-0: Ground out 6-3 (Groundball, 6)
Batting: LHB Jim Jensen 0-0: Foul Ball, location: 2F
0-1: Foul Ball, location: 2F
0-2: Ball
1-2: Ground out 4-3 (Groundball, 4)
Pedro Guzmán to third
Batting: SHB Guillermo Ortíz 0-0: Ball
1-0: Ball
2-0: Ground out 3-1 (Groundball, 3L)
Top of the 7th over - 0 run(s), 1 hit(s), 0 error(s), 1 left on base; Pocatello 3 - Seattle 0
BOTTOM OF THE 7TH
Seattle Pikes batting - Pitching for Pocatello Boccabellas : RHP Ramón Fonseca
Pitching: RHP Jesse Moser
Batting: LHB Keith Tillman 0-0: Ball
1-0: Called Strike
1-1: Ball
2-1: Ball
3-1: Foul Ball, location: 2F
3-2: Fly out, F7 (Flyball, 78D)
Batting: RHB Jesús Gonzáles 0-0: Ball
1-0: Called Strike
1-1: Ball
2-1: SINGLE (Groundball, 4MD)
Pinch Hitting: LHB Terry White 0-0: Ball
1-0: Fly out, F8 (Flyball, 8RM)
Batting: RHB Wallace Greene 0-0: Called Strike
Jesús Gonzáles steals 2nd base
0-1: Foul Ball, location: 2F
0-2: Foul Ball, location: 2F
0-2: TRIPLE (Line Drive, 89M)
Jesús Gonzáles scores
Pinch Hitting: RHB Dennis Stephenson 0-0: Swinging Strike
0-1: Foul Ball, location: 2F
0-2: Ball
1-2: Ground out 5-3 (Groundball, 5)
Bottom of the 7th over - 1 run(s), 2 hit(s), 0 error(s), 1 left on base; Pocatello 3 - Seattle 1
TOP OF THE 8TH
Pocatello Boccabellas batting - Pitching for Seattle Pikes : RHP Josh Schmitt
Now at 3B: Claudio Souza
Now in RF: Terry White
Pinch Hitting: RHB Ramiro Ross 0-0: Swinging Strike
0-1: Called Strike
0-2: Ball
1-2: Strikes out swinging
Batting: LHB Norberto Muńóz 0-0: Called Strike
0-1: Ball
1-1: Ball
2-1: Ball
3-1: Base on Balls
Pinch Hitting: SHB Glenn Vadnais 0-0: Called Strike
0-1: Called Strike
0-2: Fly out, F2 (Popup, 2RF)
Pinch Hitting: RHB Keith Kirkpatrick 0-0: Ball
1-0: Ball
2-0: Foul Ball, location: 2F
2-1: Ball
3-1: Base on Balls
Norberto Muńóz to second
Batting: SHB Nick Cox 0-0: Foul Ball, location: 2F
0-1: Ball
1-1: Ball
2-1: SINGLE (Groundball, 3L)
Norberto Muńóz to third
Keith Kirkpatrick to second
Runner from 3rd tries for Home, SAFE, no throw or cutoff
Pinch Hitting: RHB Jeremy Carr 0-0: Foul Ball, location: 2F
0-1: SINGLE (Line Drive, 4D)
Keith Kirkpatrick to third
Nick Cox to second
Runner from 3rd tries for Home, SAFE, no throw or cutoff
Pinch Hitting: RHB Tomás Carranza 0-0: Fly out, F9 (Flyball, 9S)
Top of the 8th over - 2 run(s), 2 hit(s), 0 error(s), 2 left on base; Pocatello 5 - Seattle 1
BOTTOM OF THE 8TH
Seattle Pikes batting - Pitching for Pocatello Boccabellas : RHP Jesse Moser
Now at 1B: Chris Parker
Now at 2B: Tony Hernández
Now at 3B: Luis Castillo
Now in LF: Jeremy Carr
Now in RF: Keith Kirkpatrick
Pinch Hitting: RHB Manuel Rico 0-0: Swinging Strike
0-1: Swinging Strike
0-2: Foul Ball, location: 2F
0-2: Strikes out looking
Pinch Hitting: LHB Eduardo Gómez 0-0: Ball
1-0: Ball
2-0: Called Strike
2-1: Foul Ball, location: 2F
2-2: Ball
3-2: Foul Ball, location: 2F
3-2: Foul Ball, location: 2F
3-2: Foul Ball, location: 2F
3-2: Fly out, F7 (Flyball, 7LM)
Pinch Hitting: RHB Iván Gonzáles 0-0: Foul Ball, location: 2F
0-1: Swinging Strike
0-2: Foul Ball, location: 2F
0-2: Ball
1-2: Fly out, F9 (Flyball, 89S)
Bottom of the 8th over - 0 run(s), 0 hit(s), 0 error(s), 0 left on base; Pocatello 5 - Seattle 1
TOP OF THE 9TH
Pocatello Boccabellas batting - Pitching for Seattle Pikes : RHP Josh Schmitt
Now at 1B: Eduardo Gómez
Now in LF: Chad Weaver
Now in CF: Manuel Rico
Pinch Hitting: LHB David Monahan 0-0: Called Strike
0-1: Ball
1-1: Ball
2-1: Swinging Strike
2-2: Foul Ball, location: 2F
2-2: Strikes out swinging
Pinch Hitting: RHB Carl Bryant 0-0: Swinging Strike
0-1: Called Strike
0-2: Fly out, F3 (Popup, 3F)
Batting: RHB Chris Parker 0-0: Called Strike
0-1: Ball
1-1: Ball
2-1: SINGLE (Groundball, 56D)
Batting: LHB Norberto Muńóz 0-0: Ball
Chris Parker steals 2nd base
1-0: Ball
2-0: Ball
3-0: Called Strike
3-1: Called Strike
3-2: Base on Balls
Pitching: RHP Gil Dickson
Batting: RHB Tony Hernández 0-0: Ball
1-0: Ball
2-0: SINGLE (Groundball, 56)
Chris Parker to third
Norberto Muńóz to second
Runner from 3rd tries for Home, SAFE, no throw or cutoff
Batting: RHB Keith Kirkpatrick 0-0: Ball
1-0: Ball
2-0: Swinging Strike
2-1: Foul Ball, location: 2F
2-2: Ball
3-2: Strikes out swinging
Top of the 9th over - 1 run(s), 2 hit(s), 0 error(s), 2 left on base; Pocatello 6 - Seattle 1
BOTTOM OF THE 9TH
Seattle Pikes batting - Pitching for Pocatello Boccabellas : RHP Jesse Moser
Pitching: RHP César Martínez
Now at C: Carl Bryant
Now at SS: Jesús Ramírez
Batting: RHB Tae-kwon Kwon 0-0: Ball
1-0: Ball
2-0: Ball
3-0: Base on Balls
Pinch Hitting: SHB António Hernández 0-0: Foul Ball, location: 2F
0-1: Ball
1-1: Fly out, F4 (Popup, 4)
Pinch Hitting: LHB Brandon Cummings 0-0: Called Strike
0-1: 2-RUN HOME RUN (Line Drive, 89XD), Distance : 449 ft
Batting: LHB Terry White 0-0: Foul Ball, location: 2F
0-1: Ball
1-1: Foul Ball, location: 2F
1-2: Ball
2-2: Foul Ball, location: 2F
2-2: Ground out U3 (Groundball, 3)
Pinch Hitting: RHB Dave Morgan 0-0: Ball
1-0: Ground out 2-3 (Groundball, 23)
Bottom of the 9th over - 2 run(s), 1 hit(s), 0 error(s), 0 left on base; Pocatello 6 - Seattle 3
Monday, December 5th, 2016 - OOTP Baseball 17.12 Build 75